[Event "GCT Superbet Rapid Poland 2025"]
[Site "Warsaw"]
[Date "2025.04.26"]
[Round "2.2"]
[White "Aronian, Levon"]
[Black "Vachier-Lagrave, Maxime"]
[Result "1/2-1/2"]
[ECO "E60"]
[WhiteElo "2747"]
[BlackElo "2722"]
[Annotator "TA"]
[PlyCount "134"]
[EventDate "2025.??.??"]
[EventType "rapid"]
[TimeControl "1500+10"]

1. d4 Nf6 2. c4 g6 3. f3 c5 4. d5 d6 5. Nc3 ({RR} 5. e4 Bg7 6. Ne2 O-O 7. Nec3 e5 8. g4 Ne8 9. h4 Bf6 10. Qd2 Bxh4+ 11. Kd1 g5 12. Na3 Kg7 13. Nc2 Rg8 14. a3 a6 15. Bd3 Nf6 16. b4 b6 17. Ne3 Bg3 18. Ne2 Bf2 19. bxc5 bxc5 {Ethereal 14.40 (3545)-KomodoDragon 3.3 (3583) tcec-chess.com INT 2024 1-0 (144)}) ({RR} 5. e4 e6 6. Nc3 Bg7 7. dxe6 Bxe6 8. Bf4 O-O 9. Bxd6 Re8 10. Bf4 Nc6 11. Be2 Nd4 12. Kf2 Nh5 13. Bg3 f5 14. exf5 Bxf5 15. Bd3 Qb6 16. Rb1 Rad8 17. Nd5 Rxd5 {0-1 (17) Zobel,C (2188)-Poltorak,S (2407) Berlin GER 2025}) 5... e6 6. Kf2 $146 {[%emt 0:00:09] E60: King's Indian: Unusual lines and Fianchetto Variation without Nc3.} (6. e4 Bg7 7. Nge2 a6 8. a4 Qe7 9. dxe6 fxe6 10. Bf4 e5 11. Bg5 Nc6 12. Nd5 {1-0 Aronian,L (2739)-Vachier Lagrave,M (2737) Chennai-A 2024 (5)}) ({RR} 6. e4 Bg7 7. Nge2 a6 8. a4 Qe7 9. dxe6 fxe6 10. Bf4 e5 11. Bg5 Nc6 12. Nd5 Qd8 13. Nec3 Nd4 14. Bd3 O-O 15. O-O Be6 16. Ne2 Nxe2+ 17. Bxe2 Rf7 18. Qd2 Qf8 19. Nb6 Rd8 20. Rad1 h6 {Aronian,L (2739)-Vachier Lagrave,M (2737) Chennai IND 2024 1-0 (44)}) ({RR} 6. e4 exd5 7. exd5 Bg7 8. Qe2+ Kd7 9. Qc2 Re8+ 10. Nge2 Ke7 11. Bf4 a6 12. O-O-O Kf8 13. Ng3 b5 14. cxb5 Kg8 15. Kb1 Qb6 16. Qb3 axb5 17. Bxb5 Rd8 18. Rhe1 Bb7 19. Nge4 Nxe4 20. Nxe4 Na6 {Paduano,C (2197)-Zamengo,F (2339) Parma ITA 2024 1-0 (50)}) ({RR} 6. e4 Bg7 7. Bg5 a6 8. a4 h6 9. Be3 Qe7 10. Qd2 a5 11. Nb5 e5 12. Bxc5 dxc5 13. d6 Nxe4 14. dxe7 Nxd2 15. Nc7+ Kd7 16. Nxa8 Nb3 17. Rd1+ Kc6 18. Rd8 Bd7 19. Bd3 f5 20. Ne2 Kd6 {Martinovici,I (2432)-Bettalli,F (2274) Pula (Sardinia) ITA 2023 1-0 (38)}) 6... exd5 7. cxd5 a6 8. a4 Nbd7 9. g3 h5 10. h4 Ne5 11. Kg2 Bg7 12. e4 Nh7 13. Nh3 O-O 14. Nf4 Rb8 15. a5 b5 16. axb6 Rxb6 17. Be2 Bd7 18. Rxa6 (18. Ra2 $14 {feels stronger.}) 18... Rxa6 $11 {[%emt 0:01:15] Black sacrificed a pawn} 19. Bxa6 c4 $1 {[%emt 0:00:22] [#] Repels Nd3} 20. Bb5 Bxb5 21. Nxb5 Qa5 (21... Qb6 22. Na3 Rb8 23. Re1 Nf6) 22. Nc3 (22. Nxd6 Qb4 23. Nxc4 Qxc4 $17 (23... Nxc4 24. b3 $17)) 22... Rb8 23. Re1 Nf6 {[%emt 0:00:17][%mdl 1024] Black has compensation.} 24. Qa4 {[%emt 0:01:33] Repels Nfd7} Qc7 25. Qa3 Nfd7 26. Be3 Rb3 27. Qa8+ Kh7 28. Re2 Rb8 29. Qa7 Qc8 30. Qa3 Ra8 31. Qb4 (31. Qxd6 $2 Bf8 $19) 31... Ra1 ({Black should try} 31... Rb8 $11 32. Qa4 (32. Qxd6 $2 Bf8 $19) 32... Kg8) 32. Nh3 $1 $14 {[%emt 0:00:34][%cal Of3f4] Active counter play!} (32. Qxd6 $2 Bf8 $19) 32... Kg8 33. Ng5 (33. Qxd6 $2 Bf8 $19) 33... Bf8 34. Qb5 Ra8 35. Nd1 Rb8 36. Qa4 Be7 {[%emt 0:00:57] [#]} 37. Nf2 ({White should play} 37. f4 $1 $16 Nd3 38. Nf2) 37... Nc5 $11 38. Bxc5 Qxc5 39. f4 Nd3 40. Nf3 Nxb2 41. Qc6 (41. Qd7 $14 Kf8 42. f5) 41... Qxc6 42. dxc6 c3 43. Rc2 {[%emt 0:02:31][%cal Oc6c7] and c7! would now be decisive} Na4 44. Ra2 Nc5 {[%emt 0:00:10] The position is equal.} 45. Ra3 Rc8 (45... c2 {seems wilder.} 46. Rc3 Rc8 47. Nd4 Bf6) 46. Rxc3 Rxc6 47. Nd3 Ra6 48. Nxc5 Ra2+ 49. Kf1 dxc5 {[%emt 0:00:02][%mdl 4096] Endgame KRB-KRN} 50. Ne5 Ra4 51. Nc4 Bf6 52. e5 Be7 53. Ke2 f6 54. Kd3 fxe5 55. Nxe5 Bf6 56. Rxc5 Bxe5 57. fxe5 {[%emt 0:00:15] KR-KR. White is a pawn up.} Kf7 58. Rc7+ Ke6 59. Rc6+ Kxe5 {[%emt 0:00:01] Threatens to win with ...Ra3+.} 60. Rxg6 Ra3+ 61. Kc4 Ke4 62. Rg5 Ra8 63. Kb5 Kf3 64. Kc6 Rd8 65. Rxh5 Kxg3 66. Rd5 Rxd5 67. Kxd5 {[%emt 0:00:01] White wants to mate with h5.} Kxh4 {Weighted Error Value: White=0.08 (flawless) /Black=0.07 (flawless)  Mistake:    	White=3   	Black=1   Inaccurate:   	White=3   	Black=6   OK:     	White=21  	Black=33   Best:    	White=3   	Black=4   Strong:    	White=1   	Black=1} 1/2-1/2

[Event "GCT Superbet Rapid Poland 2025"]
[Site "Warsaw"]
[Date "2025.04.26"]
[Round "2.3"]
[White "Firouzja, Alireza"]
[Black "Deac, Bogdan-Daniel"]
[Result "1-0"]
[ECO "A06"]
[WhiteElo "2757"]
[BlackElo "2668"]
[Annotator "TA"]
[PlyCount "79"]
[EventDate "2025.??.??"]
[EventType "rapid"]
[TimeControl "1500+10"]

1. Nf3 d5 2. b3 c5 3. e3 a6 4. Bb2 Nc6 5. g3 d4 ({RR} 5... Bf5 6. Bg2 Nf6 7. O-O e6 8. Nh4 Be4 9. f3 Bg6 10. d3 Bd6 11. Nxg6 hxg6 12. f4 Qe7 13. c4 Rd8 14. Nd2 Bc7 15. Qe2 O-O 16. Rad1 Rfe8 17. e4 dxc4 18. Nxc4 Nd4 19. Bxd4 Rxd4 20. Ne3 {Nakamura,H (2760)-Fedoseev,V (2686) Chess.com INT 2022 0-1 (42)}) 6. Qe2 $146 {[%emt 0:00:29] A06: Réti Opening: 1 Nf3 d5.} (6. Bg2 g6 7. O-O Bg7 8. exd4 cxd4 9. Na3 Rb8 10. c4 Nh6 11. Re1 O-O 12. d3 b5 {1-0 Keymer,V (2690)-Deac,B (2693) Biel Blitz 56th 2023 (8)}) ({RR} 6. exd4 cxd4 7. Bg2 g6 8. O-O Bg7 9. c4 dxc3 10. dxc3 Bf5 11. Nh4 Be6 12. Qe2 Nf6 13. Rd1 Qa5 14. c4 O-O 15. Nc3 Rad8 16. Nf3 Bg4 17. Qe3 Qh5 18. Ne2 e5 19. Rxd8 Rxd8 20. Nxe5 Bxe2 {Wei,Y (2707)-Inarkiev,E (2709) Doha 2016 0-1 (33)}) ({RR} 6. Bg2 e5 7. O-O Bd6 8. exd4 cxd4 9. c3 d3 10. Na3 Nge7 11. Nc4 Bc7 12. Re1 f6 13. a4 O-O 14. Ba3 Re8 15. Qb1 Be6 16. Nb2 Bxb3 17. Nxd3 Bf7 18. Nc5 b6 19. Ne4 Qd7 20. d4 exd4 {Dubov,D (2701)-Khayrullin,D (2399) Moscow RUS 2025 ½-½ (56)}) ({RR} 6. Bg2 g6 7. exd4 Bg7 8. c3 cxd4 9. c4 Nh6 10. O-O O-O 11. d3 Bf5 12. Na3 e5 13. Nh4 Bg4 14. Qd2 Nf5 15. Nxf5 Bxf5 16. b4 Re8 17. Nc2 Qd7 18. Rfe1 b5 19. c5 Bh3 20. Bh1 Be6 {Deac,B (2700)-Bluebaum,M (2661) chess.com INT 2023 0-1 (37)}) ({RR} 6. Bg2 g6 7. O-O Bg7 8. c4 Nh6 9. exd4 cxd4 10. d3 O-O 11. Nbd2 a5 12. a3 e5 13. Rc1 f6 14. c5 Be6 15. Nc4 Qc7 16. Re1 Nf7 17. Nfd2 f5 18. Rb1 Na7 19. b4 axb4 20. axb4 Nb5 {Bharath,S (2503)-Srihari,L (2398) Pollachi 2022 0-1 (53)}) ({RR} 6. exd4 cxd4 7. Bg2 g6 8. O-O Bg7 9. Re1 Nh6 10. c3 O-O 11. cxd4 Nf5 12. Nc3 Nfxd4 13. Nxd4 Nxd4 14. d3 Ra7 15. Qd2 b5 16. Ne2 Bf5 17. Nxd4 Bxd4 18. Rad1 Rd7 19. Bxd4 Rxd4 20. Qc3 e6 {Baskakov,E (2215)-Bluebaum,M (2657) chess.com INT 2022 0-1 (64)}) 6... Bf5 7. d3 Qd7 8. Nbd2 {[%emt 0:00:52] White has an edge.} f6 9. Bg2 Nh6 10. O-O Rd8 11. Nc4 e5 12. exd4 cxd4 13. Nfd2 Be7 14. f4 (14. Bxc6 $2 Qxc6 15. Qh5+ Bg6 $17) 14... exf4 (14... Bg4 $11 15. Qe4 Bf5) 15. Rae1 {[%emt 0:03:13] White sacrificed a pawn} (15. Bxc6 Qxc6 16. Ba3 Rd7 $11) (15. Rxf4 $16 {Re1 is the strong threat.} O-O 16. Nb6) 15... Bg4 (15... O-O $1 $11) 16. Qe4 {[%emt 0:00:04] White is much more active.} (16. Bxc6 $1 $16 bxc6 17. Qe4) 16... O-O (16... fxg3 $11 17. Ba3 gxh2+ 18. Kh1 Kf8 (18... f5 19. Qf4 $14) 19. Bxe7+ Qxe7) 17. Nb6 $14 Qf5 18. Qxf5 (18. Rxf4 Qh5 19. h3 Bxh3 $19) (18. Qxf4 Bb4 19. Bc1 Qxf4 20. Rxf4 Bc5 $14) 18... Nxf5 19. Rxf4 (19. h3 $16) 19... Bb4 $1 $11 20. Rxg4 Bxd2 21. Re2 Be3+ 22. Kh1 Ne5 23. Re4 Nd6 {[%emt 0:00:07] Prevents Nc4.} 24. Rh4 g5 $36 {[%emt 0:00:12][%mdl 2048] Black fights for an advantage.} 25. Rh3 {[%emt 0:01:05] [#]} (25. Rxd4 $11 Bxd4 26. Bxd4) 25... Ng4 $1 $17 26. Bd5+ (26. Ba3 $15) 26... Kg7 $19 27. Kg2 {[%emt 0:00:01] [#]} Rfe8 {[%emt 0:00:04][%csl Oe3] Strong Square Black (e3)} (27... f5 $1 $17 {...Nf6 is the strong threat.} 28. Kf1 Nf6) 28. Bf3 $1 $11 Ne5 {[%emt 0:00:03] Excellent horsemanship.} 29. Bh5 (29. g4 $1 $11 {keeps the balance.}) 29... Re6 $17 30. g4 {[%emt 0:00:03] Repels Nf5} f5 $2 {[%emt 0:00:27][%mdl 8192] This move loses the game for Black.} (30... Nb5 $17 31. Nc4 Bf4) 31. Rhxe3 dxe3 32. Rxe3 Kh6 33. Rxe5 Rxe5 34. Bxe5 Nb5 35. Nc4 {[%emt 0:00:03] White is clearly winning.} fxg4 36. Bxg4 Kg6 37. Bf3 Nd4 38. Be4+ Kh5 39. Bxd4 Rxd4 40. Bxb7 {[%emt 0:00:01] Weighted Error Value: White=0.32/Black=0.53 Loses game: 	--- 	Black=1 Mistake: 	White=6 	Black=4 Inaccurate: 	White=4 	Black=5 OK: 	White=4 	Black=6 Best: 	White=3 	Black=2 Strong: 	White=1 	Black=2} 1-0

[Event "GCT Superbet Rapid Poland 2025"]
[Site "Warsaw"]
[Date "2025.04.26"]
[Round "2.4"]
[White "Fedoseev, Vladimir"]
[Black "Gavrilescu, David"]
[Result "1-0"]
[ECO "E04"]
[WhiteElo "2739"]
[BlackElo "2554"]
[Annotator "TA"]
[PlyCount "35"]
[EventDate "2025.??.??"]
[EventType "rapid"]
[TimeControl "1500+10"]

1. d4 d5 2. c4 e6 3. Nf3 Nf6 4. g3 dxc4 5. Bg2 c5 6. O-O Nc6 7. dxc5 Qxd1 8. Rxd1 Bxc5 9. Nbd2 b5 {[%emt 0:00:08] E04: Open Catalan: 5 Nf3.} (9... c3 $11 10. bxc3 O-O) 10. Ng5 $146 {[%emt 0:05:50][%mdl 8] White sacrificed a pawn A relevant novelty.} (10. Ne5 $14 Nxe5 11. Bxa8) (10. a4 Ba6 11. Ng5 Nd5 12. Nde4 Bb4 13. Nxf7 Kxf7 14. Ng5+ Kf6 15. Nxe6 Nce7 16. axb5 Bb7 17. Nd4 Kf7 18. Ra4 c3 19. Rd3 a5 20. bxc3 Bxc3 21. Rf3+ Kg6 22. Nc6 Bf6 23. Ne5+ {1-0 Harikrishna,P (2695)-Warmerdam,M (2646) Tata Steel-A 87th 2025 (4)}) ({RR} 10. a4 Ba6 11. Ng5 Nd5 12. Nde4 Bb4 13. Nc3 {½-½ (13) Thybo,J (2575)-Korpa,B (2536) Benasque 2021}) ({RR} 10. a4 Ba6 11. Ng5 Nd5 12. Nde4 Bb4 13. Nc3 Bxc3 14. bxc3 b4 15. Ne4 O-O 16. Nc5 Bc8 17. cxb4 Ncxb4 18. Ba3 Nc2 19. Ra2 Nxa3 20. Rxa3 Rb8 21. e4 Nf6 22. Rc3 Rb4 23. Bf1 e5 24. f3 h5 {Keymer,V (2664)-Aronian,L (2772) chess24.com INT 2022 ½-½ (74)}) ({RR} 10. a4 Ba6 11. Ng5 Nd5 12. Nde4 Bb4 13. Nxf7 Kxf7 14. Ng5+ Kf6 15. Nxe6 Nce7 16. axb5 Bb7 17. Nd4 Kf7 18. Ra4 c3 19. Rd3 a5 20. bxc3 Bxc3 21. Rf3+ Kg6 22. Nc6 Bf6 23. Ne5+ {1-0 (23) Harikrishna,P (2695)-Warmerdam,M (2646) Wijk aan Zee NED 2025}) ({RR} 10. a4 Ba6 11. axb5 Bxb5 12. Ne5 Rc8 13. Nxc6 Bxc6 14. Nxc4 {½-½ (14) Lodici,L (2487)-Warmerdam,M (2535) Villorba 2021}) 10... Bb7 11. a4 {[%emt 0:00:42] aiming for Nge4.} a6 {[%emt 0:01:22] The position is equal.} 12. Nde4 Bb4 (12... Be7 $11 {remains equal.}) 13. Nxf6+ gxf6 {[%emt 0:00:03] [#]} 14. Nxf7 {[%emt 0:00:03] White is more active.} Kxf7 15. Rd7+ {[%emt 0:00:02] White attacks} Kg6 {[%emt 0:00:26] Strongly threatening ...Rhd8.} 16. Rxb7 Nd4 17. Be3 {[%emt 0:00:18] This pair of bishops is nice.} e5 (17... Nb3 $16 18. Rd1 Rad8 19. Be4+ f5) 18. axb5 {[%emt 0:00:13] Weighted Error Value: White=0.10 (very precise) /Black=0.77 Loses game: 	--- 	Black=1 Mistake: 	White=1 	Black=1 OK: 	White=3 	Black=2 Best: 	White=2 	--- Brilliant: 	White=1 	---} 1-0

[Event "GCT Superbet Rapid Poland 2025"]
[Site "Warsaw"]
[Date "2025.04.26"]
[Round "2.5"]
[White "Praggnanandhaa R"]
[Black "Aravindh, Chithambaram VR."]
[Result "1-0"]
[ECO "D31"]
[WhiteElo "2758"]
[BlackElo "2749"]
[Annotator "TA"]
[PlyCount "117"]
[EventDate "2025.??.??"]
[EventType "rapid"]
[TimeControl "1500+10"]

1. c4 e6 2. Nc3 d5 3. d4 Be7 4. cxd5 exd5 5. Bf4 c6 6. e3 Bf5 7. Nge2 $1 {[%emt 0:00:04][%mdl 4] now scores much better than the old 7.g4.} Nf6 8. Ng3 {[%emt 0:00:13] D31: Queen's Gambit Declined: Semi-Slav without ...Nf6 (+ Marshall Gambit and Noteboom) and Exchange Variation lines without ...Nf6.} Be6 9. Bd3 O-O 10. Nf5 {[%emt 0:01:40] White is slightly better.} ({RR} 10. O-O Re8 11. h3 Nbd7 12. Rc1 Nf8 13. Nge2 Ng6 14. Bg3 Bd6 15. Bxd6 Qxd6 16. f3 Nh5 17. Qd2 Ng3 18. Nxg3 Qxg3 19. Qf2 Qd6 20. f4 f5 21. Nb1 b6 22. Qc2 Bd7 23. Rfe1 Ne7 24. Nd2 Rac8 {Svidler,P (2755)-Radjabov,T (2781) Porto Carras 2011 0-1 (53)}) ({RR} 10. O-O Re8 11. h3 Nbd7 12. Be5 Nb6 13. Nge2 Nc8 14. Qc2 h6 15. Bh2 Bd6 16. Nf4 Bb8 17. f3 Nb6 18. Qf2 Qd7 19. g4 Bd6 20. Rad1 Rad8 21. Kh1 Qc7 22. Qh4 Qe7 23. Rg1 Nh7 24. Qf2 c5 {Deuer,M (2458)-Woong,Z (2139) Biel SUI 2024 1-0 (55)}) 10... Bxf5 11. Bxf5 Re8 12. Qb3 $146 (12. O-O Nbd7 13. Qb3 Qb6 14. Qc2 g6 15. Bh3 Nf8 16. Rac1 Nh5 17. Be5 f6 18. Na4 {½-½ Tang,A (2416)-Tarjan,J (2478) North American op 25th 2015 (3)}) ({RR} 12. O-O Nbd7 13. Qc2 g6 14. Bd3 Nf8 15. h3 Ne6 16. Be5 Rf8 17. Bxf6 Bxf6 18. b4 Rc8 19. Na4 b6 20. Rac1 Qd6 21. Qb3 Be7 22. a3 f5 23. g3 g5 24. Qc2 f4 25. Bxh7+ Kh8 26. Qg6 Rf6 {Wallis,C (2349)-Zelesco,K (2407) Melbourne 2018 0-1 (44)}) ({RR} 12. O-O Nbd7 13. Qb3 Qb6 14. Qc2 g6 15. Bh3 Nf8 16. Rac1 Nh5 17. Be5 f6 18. Na4 Qd8 19. Bg3 Nxg3 20. hxg3 Bd6 21. Qb3 Rb8 22. Bg4 f5 23. Bf3 Ne6 24. Rfd1 Kg7 25. Nc5 Nxc5 26. dxc5 Be5 {Tang,A (2416)-Tarjan,J (2478) Las Vegas 2015 ½-½ (59)}) 12... Qb6 13. Qc2 Nbd7 14. h4 Rad8 (14... g6 $11 15. Bh3 Qa6) 15. O-O-O $14 c5 ({Black should try} 15... g6 $14) 16. g4 $16 {[%emt 0:03:27] White is much more active.} cxd4 (16... g6 $142) 17. Rxd4 (17. exd4 $6 Bb4 $11) 17... Bb4 $2 (17... Bc5 $16 {might work better.}) 18. g5 $2 (18. Nxd5 Nxd5 19. Rxd5 (19. Bxh7+ Kf8 $11) 19... Rc8 20. Bxh7+ Kf8 21. Rxd7 Rxc2+ 22. Bxc2 Qe6 $15) (18. Na4 $1 $18 Qb5 19. Bd3) 18... Bxc3 19. bxc3 (19. Qxc3 $2 Rc8 20. gxf6 Rxc3+ 21. bxc3 Nxf6 $19) 19... Ne4 20. f3 ({Better is} 20. Rhd1 $16 Ndc5 21. f3 (21. Rxd5 Rxd5 22. Rxd5 Qa6 $14)) 20... Nxc3 $14 21. Bxd7 {[%emt 0:00:07] A strong pair of Bishops.} (21. Qxc3 $2 Rc8 $19) (21. Bxh7+ $2 Kh8 22. Bf5 (22. Qxc3 $2 Rc8 $19) 22... Ne2+ 23. Qxe2 Qxd4 24. exd4 Rxe2 $19) 21... Ne2+ $1 22. Qxe2 Qxd4 23. exd4 (23. Bxe8 $5 Qa1+ $8 24. Kd2 Qxh1 25. Ba4 $11) 23... Rxe2 24. Bg4 Rxa2 25. Re1 Ra1+ 26. Kd2 Rxe1 27. Kxe1 Re8+ 28. Kd2 {[%emt 0:00:01][%mdl 1024] White has compensation.} f6 {[%emt 0:00:02] Wards off Be5} 29. gxf6 gxf6 30. Bf5 a5 31. Bc7 a4 32. Bd6 b5 33. Ba3 Kf7 34. Bd3 Rg8 35. Bxb5 Rg2+ 36. Kc3 Rf2 37. Bxa4 Rxf3+ 38. Kb4 Ke6 39. h5 f5 40. Bc1 $2 (40. h6 $11 {and White stays safe.}) 40... f4 $1 $19 (40... Rd3 41. Bb5 Rxd4+ 42. Kc5 $11) 41. Bc2 (41. Bb3 $142) 41... Rf1 42. Bd2 {[%emt 0:00:12][%cal Oc2d3] [#]} f3 $1 43. Kc3 Rh1 44. Be3 {[%emt 0:00:10] Against f2} Rxh5 45. Kd3 {[%emt 0:00:11] [#]} Kf5 $1 46. Ba4 (46. Bf2 $142 Kg4 47. Ba4) 46... Kg4 47. Bf2 Kh3 48. Be8 Rh6 {[%emt 0:00:08] Strongly threatening ...Kg2.} 49. Bf7 Kg2 50. Ke3 Rb6 $2 (50... Ra6 $19 51. Be1 Rd6) 51. Bxd5 $11 Rf6 52. Be4 Rf8 53. d5 h5 54. Bh4 Kh3 $1 55. Be1 {[%emt 0:00:08][%cal Od5d6] Hoping for d6!.} Kg2 56. d6 {[%emt 0:00:02] White threatens d7 and mate.} Rd8 (56... Rf6 $11) 57. Bxf3+ {[%emt 0:00:08] White mates.} Kh2 58. Ba5 ({Stronger than} 58. Bxh5 Rxd6 $11) 58... Re8+ 59. Kf2 {[%emt 0:00:08] What a fight! Weighted Error Value: White=0.31/Black=0.30 Loses game: 	White=1 	Black=2 Missed win: 	White=1 	Black=1 Mistake: 	White=3 	Black=3 Inaccurate: 	White=3 	Black=1 OK: 	White=16 	Black=20 Best: 	White=5 	Black=5 Strong: 	--- 	Black=5} 1-0

[Event "GCT Superbet Rapid Poland 2025"]
[Site "Warsaw"]
[Date "2025.04.26"]
[Round "3.1"]
[White "Aravindh, Chithambaram VR."]
[Black "Aronian, Levon"]
[Result "1-0"]
[ECO "C07"]
[WhiteElo "2749"]
[BlackElo "2747"]
[Annotator "TA"]
[PlyCount "111"]
[EventDate "2025.??.??"]
[EventType "rapid"]
[TimeControl "1500+10"]

1. e4 e6 2. d4 d5 3. Nd2 c5 4. Ngf3 cxd4 5. Nxd4 Ne7 6. exd5 Nxd5 7. N2f3 {[%emt 0:00:31] C07: French Tarrasch: 3...c5, 4 Ngf3 and 4 exd5 Qxd5.} Nd7 ({RR} 7... Bb4+ 8. Bd2 Bc5 9. Nb3 Be7 10. Bd3 O-O 11. Qe2 Nd7 12. h4 Qc7 13. O-O-O b6 14. Kb1 Bb7 15. Ng5 N7f6 16. Nd4 Bc5 17. Ndf3 Nf4 18. Bxf4 Qxf4 19. g3 Bxf3 20. Nxf3 Qc7 21. Ne5 Rad8 22. f4 {Duda,J (2731)-Grischuk,A (2745) chess.com INT 2022 ½-½ (42)}) 8. Be2 $146 ({RR} 8. a3 a6 9. Be2 Qc7 10. c4 N5f6 11. O-O Bd6 12. b4 b6 13. h3 O-O 14. Be3 Bb7 15. Rc1 Rac8 16. Qb3 Rfe8 17. Rfd1 Qb8 18. a4 Ne4 19. a5 Bf4 20. axb6 Nxb6 21. c5 Nd5 22. c6 Bxe3 {Ramiro Ovejero,J (2392)-Gemy Vargas,J (2325) La Puebla de Alfinden 2010 ½-½ (55)}) ({RR} 8. Bd3 Be7 9. O-O O-O 10. c4 N5f6 11. Bf4 a6 12. Re1 Qb6 13. Qe2 Re8 14. Be3 Qc7 15. Bc2 Nf8 16. a3 Ng6 17. b4 Bd7 18. Rec1 Rac8 19. h3 Ne5 20. Nxe5 Qxe5 21. Nf3 Qc7 22. Bd4 g6 {Molnar,E (2234)-Szucs,V (2065) Slovakia SVK 2023 ½-½ (34)}) ({RR} 8. g3 Be7 9. Bg2 O-O 10. O-O N7b6 11. Qe2 Qc7 12. Rd1 Bf6 13. Bg5 a6 14. Bxf6 gxf6 15. Nh4 Ne7 16. Qh5 Kg7 17. b3 Qe5 18. Qg4+ Qg5 19. Qe2 Ng6 20. Nhf3 Qc5 21. c4 Bd7 22. Qe3 Qc7 {Bertona,F (2432)-Pomes Marcet,J (2396) La Roda 2006 ½-½ (60)}) 8... a6 9. O-O {[%emt 0:00:25] White is slightly better.} Qc7 10. Re1 Be7 $146 (10... Bc5 11. a3 O-O 12. c4 Nf4 13. b4 Be7 14. Bf1 b6 15. g3 Ng6 16. h4 Bb7 {½-½ Kosakowski,J (2437)-Jumabayev,R (2631) Wch Rapid Warsaw 2021 (1)}) 11. c4 (11. Nf5 $5 O-O 12. Nxe7+ Nxe7 13. a4 $14) 11... N5f6 12. a3 O-O 13. b4 b6 14. Bf1 Re8 15. Bg5 Bb7 16. Bh4 Bd6 17. Qb3 g6 (17... h6 $15 {deserves consideration.}) 18. Bg3 Bxg3 19. hxg3 Ng4 20. Nc2 a5 21. Ne3 Ndf6 22. Rac1 (22. Nxg4 Nxg4 23. Rac1 axb4 24. axb4 h5 25. Qb2) 22... axb4 (22... Nxf2 $5 23. Kxf2 Nh5 $14) 23. axb4 (23. Nxg4 {is more complex.} Nxg4 24. axb4 Red8 25. Qb2) 23... Nxe3 24. Qxe3 Bxf3 25. gxf3 Ra4 26. c5 {[%emt 0:01:57][%cal Bc4c5,Bc5b6,Bb6b7][%mdl 32] White has a queen side majority} Rxb4 (26... Nd5 $1 $11 {and Black is okay.} 27. Qd2 (27. cxb6 Qe7 $15) 27... Rd8 (27... Rxb4 28. c6 $17) (27... Nxb4 28. Bb5 $16)) 27. Qa3 $1 $36 {[%emt 0:01:13][%mdl 2048] Keeping Black busy.} Rd4 {[%emt 0:02:29] [#]} (27... bxc5 $2 28. Qxb4 $18) 28. Qb2 $1 e5 (28... bxc5 29. Qxd4 $18) 29. cxb6 Qd6 30. b7 Rb4 31. Qa3 Qb6 32. Rc6 Qxc6 33. Qxb4 Rb8 34. Rb1 {[%emt 0:00:27] White is more active.} (34. Rxe5 Rxb7 35. Bb5 Qxf3 $15) 34... Ne8 (34... Kg7 $16 35. Qb2 Qxf3) 35. Bd3 Nd6 {[%emt 0:00:07][%cal Rb8b7] [#]} 36. Be4 $2 (36. Qb6 $1 $18 {[%cal Rb6c6] and the rest is easy.} Qxb6 37. Rxb6) 36... Qc7 {[%emt 0:00:01] A mistake that costs the game.} (36... Nxe4 $16 37. fxe4 (37. Qxe4 Qxe4 38. fxe4 Kf8 $14) 37... Kg7) 37. Bd5 Kg7 38. Qb6 Qd7 (38... Ne8 39. Qb5 Qc3) 39. Qb2 Qf5 40. Re1 Qf6 41. Ra1 {[%emt 0:00:14] Black is weak on the light squares} ({Don't do} 41. Qxe5 Qxe5 42. Rxe5 Nxb7 $18) (41. Rxe5 Rxb7 42. Qa1 (42. Bxb7 Nc4 $11) 42... Rb5 $16) 41... Nxb7 42. Bxb7 {[%emt 0:00:17] and Ra7 should not be overlooked} h5 (42... Qxf3 {was worth a try.} 43. Qxe5+ Qf6 44. Qxb8 Qxa1+ 45. Kg2 Qd4) 43. Ra8 Rxa8 44. Bxa8 h4 $2 (44... Qd6 45. Kg2 Kh7) 45. gxh4 Qf4 46. Bd5 f6 47. Qb7+ {[%emt 0:00:28] White mates.} Kh6 48. Bg8 Qxh4 49. Qh7+ Kg5 50. Qxh4+ Kxh4 {[%emt 0:00:01] KB-K3P} 51. Kg2 f5 52. Bd5 Kg5 53. Kg3 Kh5 54. Be6 Kg5 55. Bd7 Kh5 56. f4 {[%emt 0:00:12] Weighted Error Value: White=0.16 (very precise) /Black=0.43 Loses game: 	--- 	Black=2 Missed win: 	White=1 	--- Mistake: 	--- 	Black=5 Inaccurate: 	White=4 	Black=1 OK: 	White=13 	Black=18 Best: 	White=3 	Black=2 Strong: 	White=2 	---} 1-0